 Dungeon Crawl Stone Soup version 0.17.0-7-gfadd4cc (console) character file.

65 gw the Chiller (level 4, 0/35 HPs)
             Began as a Hill Orc Ice Elementalist on Nov 8, 2015.
             Was a Follower of Cheibriados.
             Slain by an iron imp (2 damage)
             ... summoned by Natasha
             ... on level 2 of the Dungeon.
             The game lasted 00:01:39 (1436 turns).

gw the Chiller (Hill Orc Ice Elementalist)          Turns: 1436, Time: 00:01:39

Health: 0/35       AC:  4    Str: 12    XL:     4   Next: 13%
Magic:  0/7        EV: 12    Int: 18    God:    Cheibriados [*.....]
Gold:   56         SH:  0    Dex: 13    Spells: 3 memorised, 1 level left

rFire  . . .     SeeInvis .     b - +0 hand axe
rCold  . . .     Clarity  .     f - +1 robe {rN+}
rNeg   + . .     SustAt   .     (no shield)
rPois  .         Gourm    .     (no helmet)
rElec  .         Spirit   .     a - +0 cloak
rCorr  .         Warding  .     (no gloves)
rMut   .         Stasis   .     (no boots)
MR     .....                    g - amulet of rage {forbidden}
Stlth  ++........               (no ring)
                                (no ring)

@: very slow, not resistant to hostile enchantments, unstealthy
A: no striking features
a: Bend Time, Renounce Religion, Evoke Berserk Rage


You were on level 2 of the Dungeon.
You worshipped Cheibriados.
Cheibriados was aware of your devotion.
You were not hungry.

You visited 1 branch of the dungeon, and saw 2 of its levels.

You collected 56 gold pieces.

Inventory:

Hand Weapons
 b - a +0 hand axe (weapon)
Missiles
 e - 46 stones (quivered)
 h - 16 poisoned needles
Armour
 a - a +0 cloak (worn)
 f - a +1 robe of positive energy (worn)
Jewellery
 g - an amulet of rage (around neck) {forbidden}
Books
 d - a book of Frost

   Spells                             Type                      Level
   a - Freeze                         Ice                          1
   b - Throw Frost                    Conjuration/Ice              2
   c - Ozocubu's Armour               Charms/Ice                   3
   d - Throw Icicle                   Conjuration/Ice              4
   e - Summon Ice Beast               Ice/Summoning                4
   f - Condensation Shield            Ice                          4
Comestibles
 c - a bread ration


   Skills:
 + Level 1.6 Fighting
 + Level 1.5 Axes
 + Level 1.2 Armour
 + Level 1.7 Dodging
 - Level 1.5 Stealth
 * Level 2.2 Spellcasting
 - Level 1.0 Conjurations
 + Level 2.9 Ice Magic
 + Level 0.6 Invocations


You had one spell level left.
You knew the following spells:

 Your Spells              Type           Power        Failure   Level  Hunger
a - Freeze                Ice            ##..         6%          1    #......
b - Throw Frost           Conj/Ice       #.....       12%         2    ##.....
c - Ozocubu's Armour      Chrm/Ice       #.......     30%         3    ###....


Dungeon Overview and Level Annotations

Branches:
Dungeon (2/15)

Altars:
Cheibriados

Annotations:
D:2 Natasha


Message History

Unknown command.
Unknown command.
Unknown command.
Unknown command.
ATTACK MOVE TO (1,0)
You closely miss the iron imp.
The iron imp is lightly wounded.
The crimson imp blinks!
The iron imp barely misses you. The iron imp closely misses you.
Unknown command.
Unknown command.
Unknown command.
Unknown command.
ATTACK MOVE TO (1,0)
You barely miss the iron imp.
The iron imp is lightly wounded.
Natasha howls an incantation.
Natasha's fingertips start to glow.
The iron imp hits you.
You die...

#.# #.# #.# #.#
#######
#.###.......
#.#.(.....=.
#.#.#.......
#######...#...%5..
#o5h5ยค'5..##.....h
#.#####...# ###+##
#.# #.).# #.# #...#
#.# ###.# ..# #<#.#
### #.#.#
######.#.#
#...##.#.#


You could see an iron imp, Natasha and 2 crimson imps.

Table legend:
 A = Turns spent in this place as a percentage of turns spent in the entire game.
 B = Non-inter-level travel turns spent in this place as a percentage of non-inter-level travel turns spent in the entire game.
 C = Inter-level travel turns spent in this place as a percentage of turns spent in this place.
 D = Turns resting spent in this place as a percentage of non-inter-level travel turns spent in this place.
 E = Turns spent auto-exploring this place as a percentage of non-inter-level travel turns spent in this place.
 F = Non-inter-level travel turns spent in this place divided by the number of levels of this place that you've seen.
                   A       B       C       D       E      F
               +-------+-------+-------+-------+-------+----------------------
         Total | 100.0 | 100.0 |   0.6 |   1.8 |   1.9 | 1187.5
       Dungeon | 100.0 | 100.0 |   0.6 |   1.8 |   1.9 | 1187.5
               +-------+-------+-------+-------+-------+----------------------

Table legend:
 A = Kills in this place as a percentage of kills in entire the game.
 B = Kills by you in this place as a percentage of kills by you in the entire game.
 C = Kills by friends in this place as a percentage of kills by friends in the entire game.
 D = Other kills in this place as a percentage of other kills in the entire game.
 E = Experience gained in this place as a percentage of experience gained in the entire game.
 F = Experience gained in this place divided by the number of levels of this place that you have seen.
                   A       B       C       D       E      F
               +-------+-------+-------+-------+-------+----------------------
         Total | 100.0 | 100.0 |  -nan |  -nan | 100.0 |  46.5
       Dungeon | 100.0 | 100.0 |  -nan |  -nan | 100.0 |  46.5
               +-------+-------+-------+-------+-------+----------------------

Vanquished Creatures
  Natasha (twice) (D:2)
  A gnoll (D:1)
  3 bats (D:1)
  4 goblins (D:1)
  4 hobgoblins (D:1)
  2 kobolds
  3 giant newts (D:1)
  4 rats
23 creatures vanquished.

Notes
Turn   | Place    | Note
--------------------------------------------------------------
     0 | D:1      | gw the Hill Orc Ice Elementalist began the quest for the Orb.
     0 | D:1      | Reached XP level 1. HP: 14/14 MP: 3/3
   120 | D:1      | Found a snail-covered altar of Cheibriados.
   191 | D:1      | Became a worshipper of Cheibriados the Contemplative
   419 | D:1      | Reached XP level 2. HP: 22/22 MP: 2/4
   445 | D:1      | Learned a level 2 spell: Throw Frost
   645 | D:1      | Reached skill level 1 in Armour
   801 | D:1      | Reached skill level 1 in Fighting
  1074 | D:1      | Reached skill level 1 in Axes
  1154 | D:1      | Reached * piety under Cheibriados
  1192 | D:1      | Reached XP level 3. HP: 21/28 MP: 0/6
  1269 | D:1      | Learned a level 3 spell: Ozocubu's Armour
  1362 | D:2      | Noticed Natasha
  1380 | D:2      | Killed Natasha
  1388 | D:2      | Noticed Natasha
  1403 | D:2      | Killed Natasha
  1403 | D:2      | Reached XP level 4. HP: 10/35 MP: 0/7
  1423 | D:2      | Noticed Natasha
  1436 | D:2      | Slain by an iron imp

Action                   |  1- 3 |  4- 6 || total
-------------------------+-------+-------++-------
Melee: Unarmed           |     1 |       ||     1
       Hand axe          |    24 |     6 ||    30
Throw: Stone             |    23 |       ||    23
 Cast: Freeze            |    15 |       ||    15
       Throw Frost       |    14 |     2 ||    16
  Eat: Chunk             |     3 |       ||     3

Vault maps used:
D:1:      minmay_arrival_four_houses, cheibriados_altar_1
D:2:      first_bread, uniq_natasha
